 Seeded DCSS version 0.28-a0-1506-g3893175d92 (webtiles) character file.

Game seed: 759471176321562610 (custom seed)

4 riojii the Sneak (level 1, 10/10 HPs)
             Began as a Vampire Enchanter on Jan 13, 2022.
             Quit the game on level 1 of the Dungeon.
             The game lasted 00:00:44 (278 turns).

riojii the Sneak (Vampire Enchanter)                 Turns: 278, Time: 00:00:44

Health: 10/10      AC:  2    Str:  7    XL:     1   Next: 58%
Magic:  3/3        EV: 12    Int: 15    God:
Gold:   18         SH:  0    Dex: 14    Spells: 4/4 levels left

rFire   . . .      SeeInvis +   a - +1 dagger
rCold   + + .      Faith    .   (no shield)
rNeg    + + +      Spirit   .   b - +0 robe
rPois   ∞          Reflect  .   (no helmet)
rElec   .          Harm     .   (no cloak)
rCorr   .          Rampage  .   (no gloves)
Will    .....                   (no boots)
Stlth   +++++.....              (no amulet)
HPRegen 0.03/turn               (no ring)
MPRegen 0.08/turn               (no ring)

@: bloodless
A: bloodless, fangs 3, see invisible, vampiric 1, talons 1, dopey 1, inability
to read while threatened
a: Revivify


You were on level 1 of the Dungeon.
You visited 1 branch of the dungeon, and saw 1 of its levels.

You collected 18 gold pieces.

Inventory:

Hand Weapons
 a - a +1 dagger (weapon)
Armour
 b - a +0 robe (worn)
Potions
 c - a potion of invisibility


   Skills:
 + Level 1.1 Short Blades
 + Level 2.2 Dodging
 * Level 4.6 Stealth
 + Level 2.0 Spellcasting
 * Level 4.5 Hexes


You had 4 spell levels left.
You didn't know any spells.
Your spell library contained the following spells:

 Spells                   Type           Power      Damage    Failure   Level
 Confusing Touch          Hex            15%        N/A       10%         3
 Tukima's Dance           Hex            15%        N/A       10%         3
 Ensorcelled Hibernation  Hex/Ice        16%        N/A       13%         2
 Dazzling Flash           Conj/Hex       16%        N/A       26%         3


Dungeon Overview and Level Annotations

Branches:
Dungeon (1/15)

Altars:


Innate Abilities, Weirdness & Mutations

You do not regenerate when monsters are visible.
You are frail without blood (-20% HP).
You can heal yourself when you bite living creatures.
You are immune to poison.
You have razor-sharp teeth.
You have supernaturally acute eyesight. (SInv)
You are afflicted with vampirism.
You have sharp toenails.
You are dopey. (Int -2)
You sometimes lose the ability to read scrolls when taking damage.


Message History

Found a fizzy blue potion.
The helpless endoplasm fails to defend itself.
You impale the endoplasm!!
You kill the endoplasm!
No target in view!
No target in view!
No target in view!
No target in view!
No target in view!
No target in view!
No target in view!
No target in view!
No target in view!
No target in view!
d - a fizzy blue potion You now have 17 gold pieces.
A bat comes into view.
The helpless bat fails to defend itself.
You bite the bat, and draw its blood! You puncture the bat!
You kill the bat!
No target in view!
No target in view!
No target in view!
No target in view!
Found a stone staircase leading down.
You now have 18 gold pieces (gained 1).
d - 3 fizzy blue potions (gained 2)
Found 22 sling bullets.
It was a potion of mutation.
You feel extremely strange.
You feel weaker.
You feel weirdly uncertain.
Your fingernails lengthen.
You feel agile.
You feel extremely strange.
You feel clumsy.
You feel stable.
You feel stronger.
You feel less encumbered by your armour.
You feel extremely strange.
Your fingernails shrink to normal size.
You feel more encumbered by your armour.
You lose the ability to read scrolls when threatened.
You feel stupid.
Your toenails lengthen and sharpen.
Are you sure you want to abandon this character and quit the game? (Confirm with "yes".)

# # ###################
................@.#
#################.# # #### ####
.# # #............ (. #
#.##........# .##
####.##........# .#
...............# ...
####.#.........##... .########
..............................##


There were no monsters in sight!

Vanquished Creatures
  2 endoplasms (D:1)
  A giant cockroach (D:1)
  A bat (D:1)
4 creatures vanquished.

Notes
Turn   | Place    | Note
-------+----------+-------------------------------------------
     0 | D:1      | riojii the Vampire Enchanter began the quest for the Orb.
     0 | D:1      | Reached XP level 1. HP: 13/13 MP: 3/3
   275 | D:1      | Gained mutation: You are weak. (Str -2) [potion of
                  | mutation]
   275 | D:1      | Gained mutation: You are occasionally teleported next to
                  | monsters. [potion of mutation]
   275 | D:1      | Gained mutation: You have sharp fingernails. [potion of
                  | mutation]
   275 | D:1      | Gained mutation: You are agile. (Dex +2) [potion of
                  | mutation]
   276 | D:1      | Lost mutation: You are agile. (Dex +2) [potion of mutation]
   276 | D:1      | Lost mutation: You are occasionally teleported next to
                  | monsters. [potion of mutation]
   276 | D:1      | Lost mutation: You are weak. (Str -2) [potion of mutation]
   276 | D:1      | Gained mutation: Your movements are slightly less
                  | encumbered by armour. (ER -2) [potion of mutation]
   277 | D:1      | Lost mutation: You have sharp fingernails. [potion of
                  | mutation]
   277 | D:1      | Lost mutation: Your movements are slightly less encumbered
                  | by armour. (ER -2) [potion of mutation]
   277 | D:1      | Gained mutation: You sometimes lose the ability to read
                  | scrolls when taking damage. [potion of mutation]
   277 | D:1      | Gained mutation: You are dopey. (Int -2) [potion of
                  | mutation]
   277 | D:1      | Gained mutation: You have sharp toenails. [potion of
                  | mutation]
   278 | D:1      | Quit the game

Illustrated notes

Levels and vault maps discovered:
D:1:      dpeg_arrival_rooms_c, layout_basic

Action                   || total
-------------------------++-------
Melee: Dagger            ||     4
 Abil: Exsanguinate      ||     1
  Use: Potion            ||     3
 Stab: Sleeping          ||     4

Table legend: (Time is in decaauts)
 A = Elapsed time spent in this place.
 B = Non-inter-level travel time spent in this place.
 C = Inter-level travel time spent in this place.
 D = Time resting spent in this place.
 E = Time spent auto-exploring this place.
 F = Levels seen in this place.
 G = Mean time per level.
                   A        B        C        D        E       F      G
               +--------+--------+--------+--------+--------+-----+--------+
         Total |    277 |    277 |      0 |      0 |    240 |   1 |  277.0 |
       Dungeon |    277 |    277 |      0 |      0 |    240 |   1 |  277.0 |
               +--------+--------+--------+--------+--------+-----+--------+

Top non-repeatable levels by time:
     D:1: 277 daAuts
